 Dungeon Crawl Stone Soup version 0.28-a0-794-gafe8c5f9e9 (webtiles) character file.

Game seed: 3977778445471004811

5859 vurker the Thaumaturge (level 11, -6/82 HPs)
             Began as a Djinni Air Elementalist on Nov 5, 2021.
             Was a Follower of Makhleb.
             Mangled by Joseph (18 damage)
             ... on level 9 of the Dungeon.
             The game lasted 00:15:08 (14637 turns).

vurker the Thaumaturge (Djinni Air Elementalist)   Turns: 14637, Time: 00:15:08

Health: -6/82      AC:  8    Str:  7    XL:     11   Next: 7%
Gold:   656        EV: 14    Int: 19    God:    Makhleb [*.....] SH:  0 Dex: 15

rFire   + + +      SeeInvis .   a - +2 dagger (elec)
rCold   x . .      Faith    .   (no shield)
rNeg    . . .      Spirit   .   A - +1 robe {rF+}
rPois   ∞          Reflect  .   (no helmet)
rElec   .          Harm     .   x - +0 cloak
rCorr   .          Rampage  .   (no gloves)
Will    ++...                   (boots unavailable)
Stlth   ++........              (no amulet)
HPRegen 0.23/turn               i - ring of willpower
MPRegen 0.00/turn               v - +4 ring of protection

@: flying, studying Slings
A: sickness immunity, fire resistance 2, cold vulnerability 1, float, innate
caster, hp casting, extra vitality 1
a: Renounce Religion


You were on level 9 of the Dungeon.
You worshipped Makhleb.
Makhleb was aware of your devotion.
You visited 2 branches of the dungeon, and saw 10 of its levels.
You also visited: Bailey.

You collected 656 gold pieces.

Inventory:

Hand Weapons
 a - a +2 dagger of electrocution (weapon)
   (You took it off an orc on level 5 of the Dungeon)
 m - the +6 hand axe of Sunlight {elec, rF- Will++ Int+6}
   (You found it on level 5 of the Dungeon)

   It occasionally discharges a powerful burst of electricity upon striking a
   foe.
   Int:       It affects your intelligence (+6).
   rF:        It makes you vulnerable to fire.
   Will:      It greatly increases your willpower.
Missiles
 z - 2 throwing nets
Armour
 x - a +0 cloak (worn)
   (You found it on level 6 of the Dungeon)
 A - a +1 robe of fire resistance (worn)
   (You took it off Sigmund on level 3 of the Dungeon)
Jewellery
 i - a ring of willpower (left hand)
   (You found it on level 2 of the Dungeon)
 v - a +4 ring of protection (right hand)
   (You found it on level 5 of the Dungeon)
Wands
 q - a wand of polymorph (9)
   (You found it on level 4 of the Dungeon)
 t - a wand of flame (59)
   (You took it off a kobold on level 4 of the Dungeon)
 u - a wand of paralysis (13)
   (You found it on level 8 of the Dungeon)
Scrolls
 c - 5 scrolls of enchant armour {unknown}
 e - 4 scrolls of teleportation {unknown}
 g - 5 scrolls of identify {unknown}
 h - a scroll of noise {unknown}
 k - 3 scrolls of vulnerability {unknown}
 l - 2 scrolls of enchant weapon {unknown}
 p - 2 scrolls of magic mapping {unknown}
 r - a scroll of immolation {unknown}
 s - a scroll of summoning {unknown}
Potions
 b - 2 potions of mutation {unknown}
 d - 2 potions of lignification {unknown}
 f - 2 potions of haste
 j - 2 potions of curing
 n - 2 potions of heal wounds {unknown}
 o - 2 potions of resistance {unknown}
 w - 2 potions of cancellation {unknown}
Miscellaneous
 C - a tin of tremorstones (2/2)
   (You found it in a bailey)


   Skills:
 + Level 8.4 Fighting
 + Level 5.2 Dodging
 - Level 1.5 Stealth
 * Level 9.6 Spellcasting
 + Level 4.1 Invocations


You had 5 spell levels left.
You knew the following spells:

 Your Spells              Type           Power      Damage    Failure   Level
a - Shock                 Conj/Air       100%       1d9       1%          1
b - Foxfire               Conj/Fire      100%       2x1d9     1%          1
c - Airstrike             Air            22%        N/A       1%          4
d - Swiftness             Air            45%        N/A       1%          3
e - Static Discharge      Conj/Air       45%        N/A       1%          2
f - Poisonous Vapours     Pois/Air       90%        N/A       1%          2
g - Mephitic Cloud        Conj/Pois/Air  45%        N/A       1%          3
h - Portal Projectile     Hex/Tloc       90%        N/A       1%          3
i - Alistair's Intoxicat  Tmut/Pois      30%        N/A       4%          5
Your spell library was empty.

Dungeon Overview and Level Annotations

Branches:
Dungeon (9/15)             Temple (1/1) D:7            Lair (0/6) D:8
 Bailey (visited)
    Orc: D:9-12

Altars:
Ashenzari
Cheibriados
Dithmenos
Elyvilon
Fedhas
Gozag
Hepliaklqana
Kikubaaqudgha
Makhleb
Nemelex Xobeh
Okawaru
Qazlal
Ru
Sif Muna
Trog
Uskayaw
Vehumet
Wu Jian
Xom
Yredelemnul
Zin
The Shining One

Shops:
D:6 [

Annotations:
D:4 2 runed translucent doors, Megustar's ghost, amateur DEFE
D:9 Joseph


Innate Abilities, Weirdness & Mutations

You are immune to sickness and miasma.
You are immune to poison.
Your flesh is very heat resistant. (rF++)
You are vulnerable to cold. (rC-)
You float through the air rather than walking.
You learn spells naturally, not from books.
Your magical power is your life essence.
You have superior vitality. (+4 HP)


Message History

Aim: Joseph, wielding a +5 vorpal hunting sling, wearing a +0 ring mail and quivering sling bullets (lightly wounded, empty space bonus: 4/8)
The air twists around and strikes Joseph!
Aim: Joseph, wielding a +5 vorpal hunting sling, wearing a +0 ring mail and quivering sling bullets (moderately wounded, empty space bonus: 2/8)
The air twists around and strikes Joseph.
Joseph unwields a +5 vorpal hunting sling.
Joseph wields a +0 quarterstaff.
Joseph hits you with a +0 quarterstaff!
Aim: Joseph, wielding a +0 quarterstaff, wearing a +0 ring mail and quivering sling bullets (moderately wounded, empty space bonus: 2/8)
The air twists around and strikes Joseph.
* * * LOW HITPOINT WARNING * * *
Joseph hits you with a +0 quarterstaff.
* * * LOW HITPOINT WARNING * * *
Aim: Joseph, wielding a +0 quarterstaff, wearing a +0 ring mail and quivering sling bullets (heavily wounded, 77% to hit)
The zap hits Joseph.
The zap misses Joseph.
* * * LOW HITPOINT WARNING * * *
Joseph hits you with a +0 quarterstaff!
* * * LOW HITPOINT WARNING * * *
Aim: Joseph, wielding a +0 quarterstaff, wearing a +0 ring mail and quivering sling bullets (heavily wounded, 77% to hit)
The zap hits Joseph.
The zap misses Joseph.
* * * LOW HITPOINT WARNING * * *
Joseph says, "You must be punished!
Or...
I want to punish you!" Joseph hits you with a +0 quarterstaff.
* * * LOW HITPOINT WARNING * * *
Unknown command.
Aim: Joseph, wielding a +0 quarterstaff, wearing a +0 ring mail and quivering sling bullets (heavily wounded, 77% to hit)
The zap hits Joseph. x2
* * * LOW HITPOINT WARNING * * *
Joseph smiles happily.
Joseph hits you but does no damage.
Unknown command.
Unknown command.
Aim: Joseph, wielding a +0 quarterstaff, wearing a +0 ring mail and quivering sling bullets (severely wounded, 77% to hit)
The zap hits Joseph. x2
* * * LOW HITPOINT WARNING * * *
Joseph hits you but does no damage.
Unknown command.
Unknown command.
Aim: Joseph, wielding a +0 quarterstaff, wearing a +0 ring mail and quivering sling bullets (severely wounded, 77% to hit)
The zap hits Joseph.
The zap hits Joseph but does no damage.
* * * LOW HITPOINT WARNING * * *
Joseph hits you with a +0 quarterstaff.
* * * LOW HITPOINT WARNING * * *
Unknown command.
Aim: Joseph, wielding a +0 quarterstaff, wearing a +0 ring mail and quivering sling bullets (severely wounded, 77% to hit)
The zap misses Joseph.
The zap hits Joseph but does no damage.
* * * LOW HITPOINT WARNING * * *
Joseph hits you with a +0 quarterstaff!
* * * LOW HITPOINT WARNING * * *
You feel better.
Joseph hits you with a +0 quarterstaff!!
You die...

#.8.#.#.........#..
#.#.#.#.........#..
#.#.8.#.........#..
#.#.#.#....###'##..
#.8.#.#....#.......
#.#.# #....#.......
###'# #....#.#####.
..######.###....#.#
#.
.......@@..#....#.#
#.
...#######.#.#'##.#
#. #.#.#....# #.
#.#.#....# #.
#.###....#####.
#.......@......
#.###'####.....
#.#......#.....
#.#......#.....


You could see Joseph.

Vanquished Creatures
  3 orc knights (Bailey)
  Pikel (D:5)
  An unseen horror (D:6)
  A troll (D:6)
  A hornet (D:8)
  Sigmund (D:3)
  2 wyverns (D:7)
  Eustachio (D:3)
  Edmund (D:5)
  2 water moccasins
  A sky beast (D:7)
  2 orc warriors (Bailey)
  An ice beast (D:6)
  2 black bears
  2 necrophages
  2 ogres
  A centaur (D:8)
  5 bullfrogs
  2 scorpions
  3 gnoll sergeants
  A wyvern skeleton (D:6)
  A howler monkey (D:7)
  2 bullfrog zombies
  3 hounds
  A gnoll shaman (D:2)
  2 centaur skeletons (D:6)
  2 jellies
  2 iguanas (D:5)
  2 bullfrog skeletons
  2 orc wizards (D:9)
  Ijyb (D:4)
  16 gnolls
  A howler monkey skeleton (D:4)
  8 adders
  2 shadow imps
  An ufetubus (D:5)
  2 worms
  4 dart slugs
  31 orcs
  5 bats
  8 endoplasms
  2 giant cockroaches
  5 goblins
  11 hobgoblins
  13 jackals
  6 quokkas
  5 ball pythons
  2 frilled lizards
  4 kobolds
  7 rats
187 creatures vanquished.

Vanquished Creatures (others)
  204 foxfires
204 creatures vanquished.

Grand Total: 391 creatures vanquished

Notes
Turn   | Place    | Note
-------+----------+-------------------------------------------
     0 | D:1      | vurker the Djinni Air Elementalist began the quest for the
                  | Orb.
     0 | D:1      | Reached XP level 1. HP: 15/15 MP: 0/0
    52 | D:1      | Reached XP level 2. HP: 10/22 MP: 0/0
   524 | D:1      | Reached skill level 1 in Fighting
   656 | D:1      | Reached XP level 3. HP: 24/27 MP: 0/0
   656 | D:1      | Learned a level 1 spell: Foxfire
   740 | D:1      | Reached skill level 3 in Spellcasting
  1737 | D:2      | Reached XP level 4. HP: 18/33 MP: 0/0
  1871 | D:2      | Found a faded altar of an unknown god.
  2114 | D:2      | Reached XP level 5. HP: 26/38 MP: 0/0
  2114 | D:2      | Learned a level 2 spell: Poisonous Vapours
  3149 | D:3      | Reached skill level 4 in Spellcasting
  3931 | D:3      | Noticed Sigmund
  3949 | D:3      | HP: 1/39 [something/puff of flame (3)]
  3951 | D:3      | Killed Sigmund
  3952 | D:3      | Reached XP level 6. HP: 2/46 MP: 0/0
  4462 | D:3      | You are sucked into a shaft and drop 3 floors!
  4503 | D:6      | Noticed a water moccasin
  4537 | D:6      | Reached XP level 7. HP: 41/50 MP: 0/0
  4537 | D:6      | Learned a level 3 spell: Mephitic Cloud
  4591 | D:5      | Entered Level 5 of the Dungeon
  4672 | D:4      | Found a runed translucent door.
  4673 | D:4      | Noticed Megustar's ghost (amateur DEFE)
  4864 | D:4      | Found a runed translucent door.
  5471 | D:4      | Reached skill level 5 in Spellcasting
  5704 | D:4      | Noticed Ijyb
  5719 | D:4      | Killed Ijyb
  6113 | D:4      | Noticed Eustachio
  6364 | D:3      | Killed Eustachio
  6365 | D:3      | Reached XP level 8. HP: 11/58 MP: 0/0
  7044 | D:5      | Reached skill level 6 in Spellcasting
  7220 | D:5      | Identified the +6 hand axe of Sunlight {elec, rF- Will++
                  | Int+6}
  7462 | D:5      | Reached skill level 5 in Fighting
  7722 | D:5      | Noticed Pikel
  7741 | D:5      | Killed Pikel
  7742 | D:5      | Reached skill level 7 in Spellcasting
  7742 | D:5      | Reached XP level 9. HP: 25/66 MP: 0/0
  7742 | D:5      | Learned a level 3 spell: Portal Projectile
  8059 | D:5      | Noticed Edmund
  8075 | D:5      | Killed Edmund
  8576 | D:6      | Killed an unseen horror
  8829 | D:6      | Noticed a troll
  8850 | D:6      | Killed a troll
  9186 | D:6      | Reached skill level 8 in Spellcasting
  9233 | D:6      | Found a stormy altar of Qazlal.
  9626 | D:6      | Found Yrchoint's Armour Shop.
 10111 | D:7      | Found a staircase to the Ecumenical Temple.
 10129 | Temple   | Entered the Ecumenical Temple
 10311 | Temple   | Became a worshipper of Makhleb the Destroyer
 10523 | D:7      | Found a blossoming altar of Fedhas.
 10818 | D:7      | Reached skill level 1 in Invocations
 10818 | D:7      | Reached XP level 10. HP: 58/75 MP: 0/0
 11424 | D:7      | Identified the +2 ring mail "Tiff" {rC+ Stlth+}
 11458 | D:7      | Found a white marble altar of Elyvilon.
 12054 | D:8      | Reached skill level 9 in Spellcasting
 13052 | D:8      | Found a staircase to the Lair.
 13098 | D:9      | Found a flagged portal.
 13107 | Bailey   | Entered a bailey
 13259 | Bailey   | Reached * piety under Makhleb
 13381 | Bailey   | Noticed an orc knight
 13381 | Bailey   | Noticed an orc knight
 13382 | Bailey   | Noticed an orc knight
 13388 | Bailey   | Killed an orc knight
 13531 | Bailey   | Killed an orc knight
 13657 | Bailey   | Killed an orc knight
 13658 | Bailey   | Reached skill level 5 in Dodging
 13658 | Bailey   | Reached XP level 11. HP: 62/82 MP: 0/0
 13658 | Bailey   | Learned a level 5 spell: Alistair's Intoxication
 14285 | D:9      | Noticed Joseph
 14637 | D:9      | Mangled by Joseph

Illustrated notes

Levels and vault maps discovered:
D:1:      amcnicky_arrival_feature_with_door, layout_basic, minmay_vboxes
D:2:      wad_river_or_something, layout_rooms,
          ebering_ecumenical_altar_sacrificial
D:3:      layout_basic, uniq_sigmund
D:4:      layout_loops_ring, ebering_ghost_sewer_f, uniq_eustachio, uniq_ijyb
D:5:      layout_loops_corners, uniq_edmund, uniq_pikel
D:6:      layout_loops_cross, mainiacjoe_overflow_surrounded_room, serial_shops,
          nicolae_take_the_stairs, minmay_manual_monolith
D:7:      layout_loops_ring, mainiacjoe_overflow_divided_tiny, fedhas_altar_3,
          temple_green, hex_medium
D:8:      layout_loops_ring, lair_entry_dummy, minmay_curled_crystal
D:9:      layout_irregular_city, enter_bailey_8, nicolae_underground_beach,
          uniq_joseph, uniq_grum
Temple:   dpeg_five_rooms_temple

Skill      XL: |  1  2  3  4  5  6  7  8  9 10 11 |
---------------+----------------------------------+-----
Fighting       | 1 2 3 4 5 7 8 |  8.4
Spellcasting   | 3 4 5 7 8 9 |  9.6
Invocations    | 1 3 4 |  4.1
Dodging        | 5 |  5.2
Stealth        | |  1.5

Action                   |  1- 3 |  4- 6 |  7- 9 | 10-12 || total
-------------------------+-------+-------+-------+-------++-------
Melee: Dagger            |       |       |     2 |       ||     2
 Cast: Shock             |    40 |    36 |    58 |     6 ||   140
       Foxfire           |    39 |    41 |    35 |       ||   115
       Poisonous Vapours |       |    46 |    65 |       ||   111
       Airstrike         |       |       |    40 |   119 ||   159
Evoke: Wand              |       |       |     1 |       ||     1
  Use: Potion            |       |     1 |       |     2 ||     3
Armor: Robe              |       |     5 |    12 |     4 ||    21
Dodge: Dodged            |     8 |    24 |    45 |     9 ||    86

Table legend: (Time is in decaauts)
 A = Elapsed time spent in this place.
 B = Non-inter-level travel time spent in this place.
 C = Inter-level travel time spent in this place.
 D = Time resting spent in this place.
 E = Time spent auto-exploring this place.
 F = Levels seen in this place.
 G = Mean time per level.
                   A        B        C        D        E       F      G
               +--------+--------+--------+--------+--------+-----+--------+
         Total |  14622 |  14218 |    404 |    854 |  12014 |  11 | 1329.3 |
       Dungeon |  13367 |  13011 |    356 |    735 |  11069 |   9 | 1485.2 |
        Temple |    261 |    213 |     48 |      0 |    198 |   1 |  261.0 |
        Bailey |    993 |    993 |      0 |    119 |    747 |   1 |  993.0 |
               +--------+--------+--------+--------+--------+-----+--------+

Top non-repeatable levels by time:
     D:3: 2399 daAuts
     D:5: 1709 daAuts
     D:6: 1643 daAuts
     D:7: 1592 daAuts
     D:1: 1586 daAuts
     D:2: 1543 daAuts
     D:8: 1467 daAuts
     D:4: 1184 daAuts
  Bailey: 993 daAuts
  Temple: 261 daAuts
     D:9: 239 daAuts
